 Dungeon Crawl Stone Soup version 0.26.1-11-gd32895ea62 (webtiles) character file.

Game seed: 14758573981008558539

53 ubername the Digger (level 3, -19/20 HPs)
             Began as a Gargoyle Earth Elementalist on May 21, 2021.
             Killed by an exploding an adder (22 damage)
             ... exploding inner flame
             ... on level 2 of the Dungeon.
             The game lasted 00:02:28 (2009 turns).

ubername the Digger (Gargoyle Earth Elementalist)   Turns: 2009, Time: 00:02:30

Health: -19/20     AC:  5    Str: 11    XL:     3   Next: 87%
Magic:  1/6        EV: 12    Int: 16    God:
Gold:   38         SH:  0    Dex: 10    Spells: 5/6 levels left

rFire    . . .     SeeInvis .   e - +0 mace
rCold    + . .     Faith    .   (no shield)
rNeg     + . .     Spirit   .   c - +0 robe
rPois    ∞         Reflect  .   (no helmet)
rElec    +         Harm     .   (no cloak)
rCorr    .         Rampage  .   (no gloves)
Will     .....                  (no boots)
Stlth    ++........             (no amulet)
HPRegen  0.06/turn              g - ring of protection from cold
MPRegen  0.10/turn              (no ring)

@: no status effects
A: negative energy resistance 1, electricity resistance, unbreathing,
petrification resistance, miasma immunity, AC +3
a: no special abilities


You were on level 2 of the Dungeon.
You visited 1 branch of the dungeon, and saw 2 of its levels.

You collected 38 gold pieces.

Inventory:

Hand Weapons
 e - a +0 mace (weapon)
Missiles
 b - 81 stones
Armour
 c - a +0 robe (worn)
 i - a +0 pair of boots
Jewellery
 g - a ring of protection from cold (left hand)
Scrolls
 f - a scroll of remove curse {unknown}
 h - a scroll of identify {unknown}
 j - a scroll of teleportation {unknown}


   Skills:
 + Level 0.4 Fighting
 + Level 0.9 Maces & Flails
 + Level 2.0 Dodging
 + Level 2.2 Stealth
 + Level 2.2 Spellcasting
 + Level 0.7 Transmutations
 + Level 4.7 Earth Magic


You had 5 spell levels left.
You knew the following spells:

 Your Spells              Type           Power        Failure   Level
a - Sandblast             Erth           32%          3%          1

Your spell library contained the following spells:

 Spells                   Type           Power        Failure   Level
 Passwall                 Tmut/Erth      8%           10%         2
 Stone Arrow              Conj/Erth      18%          24%         3
 Petrify                  Tmut/Erth      10%          54%         4
 Lee's Rapid Deconstruct  Erth           8%           63%         5


Dungeon Overview and Level Annotations

Branches:
Dungeon (2/15)

Altars:
Ashenzari
Qazlal


Innate Abilities, Weirdness & Mutations

You are resistant to torment.
Your stone body is resilient. (AC +3)
You are immune to poison.
You resist negative energy. (rN+)
You are resistant to electric shocks. (rElec)
You can survive without breathing.
You are immune to petrification.
You are immune to miasma.


Message History

There is a dry fountain here.
The adder bites you but does no damage.
You hit the adder but do no damage.
The adder is almost dead.
The adder bites you.
* * * LOW HITPOINT WARNING * * *
The adder misses you. The adder bites you.
* * * LOW HITPOINT WARNING * * *
The hobgoblin closely misses you.
Casting: Sandblast (safe; 3% risk of failure)
Confirm with . or Enter, or press ? or * to list all spells.
Aiming: Sandblast (safe; 3% risk of failure)
Press: ? - help, Shift-Dir - straight line, f/p - adder
Aim: an adder (almost dead, inner flame, 34% to evade)
The blast of sand hits the adder!
The adder explodes!
The fiery explosion engulfs you!!
Ouch! That really hurt!
You die...

.....#†.#⌠.##+##.⌠ #..
.......†#......... #.##
#....###.h§......# #§§ #..#
#....#..§§§§.....# #§§ #..#
#....#..§§§§§_...+ #§§ #..#
#....#..§#§§§§...#
######..###.>..#####h§§§....
................§§#§§h§.....
................@§#⌠.##+##.⌠
......#.....#####gh.## .
...####......# #h...#
..................#..#
.......#...........#.#
.......##.#........ ...
.......[................
.............[.....######
####..... ..#.....#


You could see 2 jackals and a hobgoblin (inner flame).

Vanquished Creatures
  3 adders (D:2)
  A worm (D:2)
  2 dart slugs (D:1)
  2 giant cockroaches (D:1)
  3 goblins
  6 hobgoblins (D:1)
  2 jackals (D:2)
  A kobold (D:1)
  A ball python (D:1)
  3 frilled lizards
  5 rats (D:1)
29 creatures vanquished.

Notes
Turn   | Place    | Note
-------+----------+-------------------------------------------
     0 | D:1      | ubername the Gargoyle Earth Elementalist began the quest
                  | for the Orb.
     0 | D:1      | Reached XP level 1. HP: 10/10 MP: 3/3
   422 | D:1      | Reached skill level 4 in Earth Magic
   667 | D:1      | Reached XP level 2. HP: 3/15 MP: 5/5
  1540 | D:1      | Reached XP level 3. HP: 19/19 MP: 6/6
  1958 | D:2      | Found a stormy altar of Qazlal.
  1975 | D:2      | Found a broken altar of Ashenzari.
  2009 | D:2      | Killed by an exploding an adder... exploding inner flame

Illustrated notes

Levels and vault maps discovered:
D:1:      dpeg_arrival_pits, layout_basic, serial_aquarium,
          aquarium_bridge_square [aquarium_subvault_balcony,
          aquarium_subvault_window, aquarium_subvault_bridge,
          aquarium_subvault_bridge], aquarium_bridge_square
          [aquarium_subvault_balcony, aquarium_subvault_wall,
          aquarium_subvault_bridge, aquarium_subvault_wall], aquarium_window_3,
          aquarium_window_fake, aquarium_window_fake, aquarium_view_4
D:2:      layout_basic, nicolae_qazlal_eye_of_the_storm,
          evilmike_ruin_ashenzari, minmay_misc_feat_chi

Skill      XL: |  1  2  3 |
---------------+----------+-----
Earth Magic    | 4 |  4.7
Dodging        | 2 |  2.0
Fighting       | |  0.4
Maces & Flails | |  0.9
Stealth        | |  2.2
Spellcasting   | |  2.2
Transmutations | |  0.7

Action                   || total
-------------------------++-------
Melee: Club              ||    14
       Mace              ||    46
 Cast: Sandblast         ||    23
  Use: Scroll            ||     2
Armor: Robe              ||    31
Dodge: Dodged            ||    75
